Map: Galactic Process LE

Players

iMacRoW - Winner!

  • Race: Zerg Zerg
  • League: Gold

Hollow

  • Race: Protoss Protoss
  • League: Gold

VOD

Have the link to the VOD?

Description

Time

  • Played on: Aug. 10, 2016, 5:12 a.m.
  • Length: 13:23
Show
View Real Time Build Order
Export as new Build Order

iMacRoW Zerg - Winner!

Build Orders: Hatch First 

Get SALT Encoding   

  12  0:01  Drone  
  13  0:12  Overlord  
  13  0:17  Drone  
  14  0:31  Drone x2  
  16  0:40  Drone  
  17  0:47  Drone  
  18  1:07  Drone  
  18  1:08  Hatchery  
  18  1:11  Drone  
  19  1:18  Drone  
  19  1:20  Spawning Pool  
  19  1:28  Overlord  
  19  1:49  Drone  
  19  1:50  Drone  
  21  1:56  Extractor  
  20  2:06  Drone  
  20  2:07  Queen  
  23  2:19  Queen  
  25  2:23  Drone x3  
  28  2:35  Drone x2  
  30  2:56  Metabolic Boost  
  30  2:58  Drone x3  
  30  2:59  Drone  
  30  3:04  Hatchery  
  33  3:11  Drone x2  
  35  3:17  Drone  
  35  3:18  Overlord  
  36  3:23  Spine Crawler  
  36  3:25  Spine Crawler  
  34  3:28  Spore Crawler  
  34  3:29  Spore Crawler  
  32  3:50  Drone x8, Overlord  
  40  3:59  Overlord  
  40  4:06  Lair  
  40  4:12  Zergling x6  
  40  4:16  Queen  
  45  4:18  Overlord  
  45  4:19  Drone  
  46  4:37  Spine Crawler  
  45  4:38  Spine Crawler  
  45  4:40  Roach Warren  
  44  4:45  Zergling x2  
  44  4:46  Drone x3, Zergling x10  
  44  4:47  Evolution Chamber  
  44  4:49  Drone, Evolution Chamber  
  51  5:04  Overlord  
  51  5:05  Drone  
  51  5:06  Drone x6  
  58  5:14  Extractor  
  58  5:16  Extractor  
  58  5:18  Zergling x2  
  58  5:19  Zergling x4  
  58  5:21  Extractor  
  58  5:29  Zerg Missile Weapons Level 1, Zerg Ground Armor Level 1  
  52  6:14  Drone  
  52  6:15  Drone x20  
  73  6:19  Glial Reconstitution  
  73  6:23  Overlord x2  
  73  6:49  Overlord  
  73  6:51  Roach x4  
  73  6:52  Overlord  
  73  6:53  Overlord x2  
  83  7:08  Roach  
  83  7:09  Roach x3  
  83  7:11  Roach x2, Overlord x2  
  83  7:12  Roach  
  95  7:18  Hydralisk Den  
  94  7:25  Spire  
  94  7:28  Extractor  
  92  7:31  Extractor  
  92  7:35  Roach x9  
  109  7:45  Roach x4  
  109  7:46  Roach  
  119  7:56  Hydralisk  
  119  7:57  Overlord x2  
  119  7:58  Overlord x2  
  121  8:27  Ravager x6  
  122  8:30  Zergling x2  
  122  8:31  Zergling x16  
  118  8:52  Hydralisk, Zergling x4  
  118  8:53  Hydralisk x7  
  136  9:08  Roach  
  136  9:09  Roach, Zergling x2  
  97  9:39  Drone x9  
  103  9:54  Queen  
  105  10:11  Zergling x2  
  105  10:12  Zergling x10  
  111  10:15  Zerg Missile Weapons Level 2, Zerg Melee Weapons Level 1  
  88  11:11  Drone x13  
  88  11:12  Drone  
  96  11:44  Zergling x8  
  96  11:45  Zergling x12  
  106  11:56  Hydralisk  
  106  11:57  Hydralisk x6  
  120  12:14  Roach x4  
  128  12:22  Hydralisk  
  128  12:23  Hydralisk x5  
  128  12:24  Hatchery  
  128  12:26  Hatchery  
  138  12:33  Hydralisk  
  138  12:34  Hydralisk x5  
  150  12:53  Infestation Pit  
Show
View Real Time Build Order
Export as new Build Order

Hollow Protoss 

Build Orders: 1 Gate Expand 

Get SALT Encoding   

  12  0:01  Probe (Chrono Boost)  
  13  0:12  Probe (Chrono Boost)  
  14  0:23  Probe (Chrono Boost)  
  14  0:26  Pylon  
  15  0:44  Probe (Chrono Boost)  
  15  0:45  Gateway  
  15  0:47  Assimilator  
  16  0:55  Probe (Chrono Boost)  
  17  1:05  Probe (Chrono Boost)  
  18  1:16  Probe (Chrono Boost)  
  19  1:34  Probe (Chrono Boost)  
  19  1:35  Nexus  
  19  1:55  Pylon  
  19  2:03  Cybernetics Core  
  19  2:11  Probe (Chrono Boost)  
  19  2:13  Assimilator  
  20  2:22  Probe (Chrono Boost)  
  21  2:28  Gateway  
  21  2:33  Forge  
  22  2:37  Probe (Chrono Boost)  
  22  2:39  Warp Gate  
  22  2:48  Mothership Core (Chrono Boost)  
  22  2:49  Sentry  
  26  2:54  Probe (Chrono Boost)  
  27  3:12  Stalker  
  27  3:13  Protoss Ground Weapons Level 1  
  31  3:21  Probe x2 (Chrono Boost)  
  31  3:28  Stalker  
  31  3:34  Probe (Chrono Boost)  
  34  3:46  Pylon  
  35  4:03  Probe (Chrono Boost)  
  35  4:08  Probe (Chrono Boost)  
  36  4:14  Robotics Facility  
  36  4:15  Probe (Chrono Boost)  
  37  4:20  Probe (Chrono Boost)  
  37  4:23  Zealot  
  38  4:27  Probe (Chrono Boost)  
  38  4:28  Zealot  
  43  4:36  Gateway  
  43  4:39  Gateway  
  43  4:43  Probe (Chrono Boost)  
  43  4:44  Probe (Chrono Boost)  
  45  5:02  Photon Cannon, Immortal  
  45  5:03  Protoss Ground Armor Level 1  
  49  5:09  Stalker  
  49  5:10  Stalker  
  54  5:15  Probe (Chrono Boost)  
  54  5:17  Assimilator  
  54  5:21  Assimilator  
  54  5:33  Pylon  
  54  5:34  Pylon  
  54  5:53  Probe (Chrono Boost)  
  55  5:58  Stalker x2  
  59  6:17  Pylon  
  59  6:20  Pylon  
  59  6:21  Probe (Chrono Boost)  
  59  6:22  Stalker x4, Probe (Chrono Boost)  
  70  6:33  Immortal, Probe (Chrono Boost)  
  70  6:37  Probe (Chrono Boost), Pylon  
  75  6:49  Stalker x2  
  75  6:50  Zealot x2  
  83  6:56  Twilight Council  
  83  7:07  Immortal  
  83  7:13  Zealot x3  
  93  7:18  Pylon  
  93  7:27  Pylon  
  93  7:30  Photon Cannon  
  93  7:43  Protoss Ground Weapons Level 2, Zealot x2  
  93  7:44  Zealot x2  
  101  7:49  Probe x2 (Chrono Boost)  
  103  7:52  Charge  
  103  8:32  Nexus  
  103  8:35  Pylon  
  103  8:36  Pylon  
  101  8:56  Stalker x4  
  71  9:32  Stalker x4  
  59  9:46  Immortal  
  63  9:58  Gateway  
  63  10:01  Gateway  
  63  10:03  Gateway  
  63  10:07  Gateway  
  63  10:10  Probe (Chrono Boost)  
  65  10:14  Probe (Chrono Boost)  
  65  10:20  Immortal, Zealot  
  65  10:21  Zealot x3  
  72  10:22  Probe (Chrono Boost)  
  58  10:42  Zealot x4  
  43  11:04  Zealot  
  43  11:05  Zealot x4  
  43  11:08  Mothership Core (Chrono Boost)  
  54  11:26  Stalker x5  
  64  11:43  Immortal  
  64  11:51  Zealot x3  
  74  12:00  Probe (Chrono Boost)  
  75  12:05  Assimilator  
  75  12:08  Stalker  
  77  12:09  Assimilator  
  77  12:10  Probe (Chrono Boost)  
  77  12:12  Zealot  
  80  12:25  Zealot  
  80  12:26  Zealot x2  
  86  12:43  Nexus  
  86  12:51  Zealot  
  86  12:52  Zealot  
  86  12:54  Sentry  
  86  12:56  Sentry  
Tags
 
Add a new tag
Caveats
  • Supply blocks, unpowered buildings, or Contaminate may cause inaccurate times.
  • Supply counts are checked every 10 seconds.